 Dungeon Crawl Stone Soup version 0.25-b1-46-gb8a1ec05df (webtiles) character file.

Game seed: 5788515495867067099

14271 GenChuck the Geomancer (level 11, -2/70 HPs)
             Began as a Demonspawn Earth Elementalist on June 11, 2020.
             Was a Priest of Kikubaaqudgha.
             Slain by Gastronok (28 damage)
             ... on level 2 of the Lair of Beasts.
             The game lasted 02:00:12 (16519 turns).

GenChuck the Geomancer (DsEE)                      Turns: 16519, Time: 02:00:13

Health: -2/70      AC: 14    Str:  8    XL:     11   Next: 86%
Magic:  6/32       EV: 16    Int: 27    God:    Kikubaaqudgha [***...]
Gold:   619        SH:  5    Dex: 13    Spells: 18/27 levels left

rFire    . . .     SeeInvis .   r - +0 trident (vorpal)
rCold    . . .     Gourm    .   (no shield)
rNeg     . . .     Faith    .   c - +1 robe
rPois    .         Spirit   .   J - +1 hat
rElec    .         Reflect  +   C - +0 cloak
rCorr    .         Harm     .   (no gloves)
MR       .....                  (no boots)
Stlth    ++........             H - amulet of reflection
HPRegen  0.21/turn              A - ring of magical power
MPRegen  0.23/turn              k - +6 ring of intelligence

@: sanguine armour, stab, very slightly contaminated
A: spiny 3, sanguine armour 2
a: Receive Corpses, Renounce Religion


You were on level 2 of the Lair of Beasts.
You worshipped Kikubaaqudgha.
Kikubaaqudgha was most pleased with you.
You were not hungry.

You visited 4 branches of the dungeon, and saw 14 of its levels.

You collected 619 gold pieces.

Inventory:

Hand Weapons
 i - a +4 dagger of draining
 j - a +0 hand crossbow
 m - a +1 rapier of draining
 r - a +0 vorpal trident (weapon)
 O - a +4 shortbow
 P - a +4 scimitar of flaming
Missiles
 o - 19 poisoned darts (quivered)
 v - 116 stones
 z - 6 curare-tipped darts
 I - 179 arrows
Armour
 c - a +1 robe (worn)
 C - a +0 cloak (worn)
 E - a +2 helmet
 J - a +1 hat (worn)
Jewellery
 a - a +4 ring of evasion
 k - a +6 ring of intelligence (right hand)
 q - an uncursed ring of ice
 u - an uncursed amulet of the acrobat
 A - a ring of magical power (left hand)
 D - an uncursed ring of positive energy
 F - a +4 ring of evasion
 H - an amulet of reflection (around neck)
 S - a cursed -4 ring of intelligence
Wands
 x - a wand of random effects (54)
 y - a wand of digging (10)
 G - a wand of iceblast (17)
Scrolls
 e - 2 scrolls of identify
 f - 2 scrolls of enchant armour
 p - 6 scrolls of remove curse
 s - 10 scrolls of teleportation
 K - a scroll of noise {unknown}
 L - a scroll of enchant weapon {unknown}
 M - a scroll of fog {unknown}
 Q - a scroll of silence {unknown}
 R - 2 scrolls of blinking {unknown}
Potions
 g - 2 potions of might {unknown}
 h - a potion of degeneration {unknown}
 l - 2 potions of resistance {unknown}
 n - 2 potions of curing
 t - 3 potions of lignification {unknown}
 w - 2 potions of stabbing
 B - a potion of magic {unknown}
Comestibles
 d - 11 rations


   Skills:
 - Level 1.2 Fighting
 + Level 2.7 Short Blades
 * Level 6.9 Polearms
 - Level 1.2 Throwing
 * Level 6.9 Dodging
 - Level 1.7 Stealth
 + Level 8.9 Spellcasting
 + Level 7.3 Conjurations
 + Level 3.4 Necromancy
   Level 0.8 Transmutations
 + Level 9.4 Earth Magic


You had 18 spell levels left.
You knew the following spells:

 Your Spells              Type           Power        Failure   Level  Hunger
a - Sandblast             Erth           ######       1%          1    None
b - Stone Arrow           Conj/Erth      ######       1%          3    None
c - Animate Skeleton      Necr           N/A          1%          1    None
d - Pain                  Necr           ####         1%          1    None
e - Vampiric Draining     Necr           ####......   3%          3    None

Your spell library contained the following spells:

 Spells                   Type           Power        Failure   Level  Hunger
 Passwall                 Tmut/Erth      #####...     1%          2    None
 Sublimation of Blood     Necr           ####......   1%          2    None
 Lee's Rapid Deconstruct  Erth           ######....   2%          5    ####...
 Petrify                  Tmut/Erth      #####...     6%          4    #......
 Borgnjor's Vile Clutch   Necr/Erth      #####.....   10%         5    ####...
 Dispel Undead            Necr           ####....     12%         4    #......
 Agony                    Necr           ####....     32%         5    ####...
 Excruciating Wounds      Chrm/Necr      ###.......   54%         5    ####...
 Simulacrum               Ice/Necr       ###.......   98%         6    ######.


Dungeon Overview and Level Annotations

Branches:
Dungeon (10/15)            Temple (1/1) D:6            Lair (2/6) D:10
 Shoals (1/4) Lair:2
  Snake: Lair:2-4    Spider: Lair:2-4       Orc: D:9-12

Altars:
Ashenzari
Cheibriados
Dithmenos
Elyvilon
Fedhas
Gozag
Hepliaklqana
Kikubaaqudgha
Makhleb
Nemelex Xobeh
Okawaru
Qazlal
Ru
Sif Muna
Trog
Uskayaw
Vehumet
Wu Jian
Xom
Yredelemnul
Zin
The Shining One
Beogh

Shops:
D:4 [

Annotations:
D:6 1 runed translucent door, Crazy Yiuf
Lair:2 Gastronok


Innate Abilities, Weirdness & Mutations

You are completely covered in sharp spines.
When seriously injured, your bleeding wounds create thick armour. (AC +9)


Message History

Gastronok is moderately wounded.
The river rat completely misses you. Gastronok casts a spell at you.
You barely resist. You hit Gastronok.
Gastronok is heavily wounded.
The river rat is struck by your spines.
You kill the river rat!
The river rat's corpse disappears in a puff of smoke!
You hit Gastronok.
Gastronok is heavily wounded.
You hit Gastronok.
Gastronok is heavily wounded.
Gastronok is struck by your spines. Gastronok bites you!
* * * LOW HITPOINT WARNING * * *
It was a potion of curing.
You feel better.
You feel ready to backstab. Gastronok is struck by your spines.
Gastronok bites you!!
You die...
Kikubaaqudgha rasps: "You have failed me!
Welcome... death!"

.P.PP#.........P.#..P#.
.......................
#.#..#....#...#.P##PP#..
........................
...##....#.......P.#....
...............†......
#.................#.## ....
##...................####....
................@w...........
........#.#...#.....#.#......
.................................
.....###.#..########..........#.P
.....# #..#..#######..........#.#
.................................
..........P.# ...##.....#.P#..#..
.................................
...###............#.#.##.#...#.#.


You could see Gastronok.

Vanquished Creatures
  Harold (Lair:1)
  Erica (D:9)
  A two-headed ogre (D:10)
  Urug (Lair:1)
  An unseen horror (D:10)
  3 harpies (Lair:2)
  2 spiny frogs
  2 komodo dragons (Lair:2)
  Prince Ribbit (D:5)
  Grinder (D:6)
  A snapping turtle (Lair:2)
  A hippogriff (D:6)
  A wyvern (Lair:2)
  Eustachio (D:5)
  A wraith (D:10)
  A hungry ghost (D:7)
  Menkaure (D:7)
  6 water moccasins
  2 porcupines
  7 orc warriors
  An ice beast (D:9)
  6 sky beasts
  2 black bears
  A phantom (D:10)
  6 ogres
  4 wolves (Lair:1)
  5 centaurs
  A crocodile (Lair:1)
  4 bullfrogs
  3 scorpions
  9 killer bees (D:8)
  8 howler monkeys
  4 crimson imps
  A bullfrog zombie (D:8)
  5 jellies
  A quasit (D:6)
  2 orc priests
  Ijyb (D:5)
  A centaur skeleton (D:6)
  A gnoll shaman (D:6)
  5 hounds
  10 orc wizards
  3 bullfrog skeletons
  2 iguanas
  8 worker ants
  2 hound skeletons
  9 gnolls (D:6)
  11 adders
  8 oozes
  An adder skeleton (D:9)
  3 worms
  A dart slug (D:4)
  5 leopard geckos
  34 orcs
  4 giant cockroaches
  5 goblins
  5 hobgoblins
  12 jackals
  3 quokkas
  2 ball pythons
  4 bats
  7 frilled lizards
  A giant cockroach zombie (D:6)
  7 kobolds
  8 rats
  A fungus (D:6)
263 creatures vanquished.

Vanquished Creatures (collateral kills)
  A catoblepas (D:10)
  A harpy (Lair:2)
  A spiny frog (Lair:1)
  A phantom (D:9)
  3 orc warriors (D:9)
  A centaur (D:10)
  A crocodile (D:10)
  A bullfrog zombie (D:9)
  An adder (D:9)
  3 orcs (D:9)
14 creatures vanquished.

Vanquished Creatures (others)
  An orc wizard (D:10)
1 creature vanquished.

Grand Total: 278 creatures vanquished

Notes
Turn   | Place    | Note
-------+----------+-------------------------------------------
     0 | D:1      | GenChuck the Demonspawn Earth Elementalist began the quest
                  | for the Orb.
     0 | D:1      | Reached XP level 1. HP: 13/13 MP: 3/3
   125 | D:1      | Reached skill level 3 in Earth Magic
   202 | D:1      | Gained mutation: When seriously injured, your bleeding
                  | wounds create armour. (AC +9) [demonic ancestry]
   202 | D:1      | Reached XP level 2. HP: 19/19 MP: 3/5
  1189 | D:2      | Reached XP level 3. HP: 24/24 MP: 3/6
  1222 | D:2      | Learned a level 3 spell: Stone Arrow
  1338 | D:2      | Reached skill level 4 in Earth Magic
  1348 | D:2      | Found a hazy altar of Hepliaklqana.
  1702 | D:2      | Reached XP level 4. HP: 17/30 MP: 3/7
  2670 | D:3      | Found a basalt altar of Yredelemnul.
  2670 | D:3      | Found a sacrificial altar of Ru.
  2675 | D:3      | Gained mutation: You are partially covered in sharp spines.
                  | [demonic ancestry]
  2675 | D:3      | Reached XP level 5. HP: 35/35 MP: 3/9
  2858 | D:3      | Reached skill level 1 in Short Blades
  3246 | D:4      | Noticed an ogre
  3302 | D:4      | Noticed an ogre
  3690 | D:4      | Found Zahanih's Armour Shop.
  3757 | D:4      | Killed an ogre
  3757 | D:4      | Reached skill level 5 in Earth Magic
  3757 | D:4      | Gained mutation: You are mostly covered in sharp spines.
                  | [demonic ancestry]
  3757 | D:4      | Reached XP level 6. HP: 41/42 MP: 10/10
  4557 | D:4      | Reached skill level 1 in Polearms
  4636 | D:5      | Entered Level 5 of the Dungeon
  4675 | D:5      | Noticed Prince Ribbit
  4697 | D:5      | Killed Prince Ribbit
  4697 | D:5      | Reached skill level 1 in Throwing
  4697 | D:5      | Reached skill level 1 in Conjurations
  4697 | D:5      | Reached XP level 7. HP: 38/47 MP: 12/12
  4699 | D:5      | Reached skill level 1 in Fighting
  5052 | D:5      | Noticed Ijyb
  5065 | D:5      | Killed Ijyb
  5382 | D:5      | Reached skill level 6 in Earth Magic
  5391 | D:5      | Noticed Eustachio
  5406 | D:5      | Killed Eustachio
  5406 | D:5      | Reached XP level 8. HP: 33/54 MP: 4/14
  6779 | D:6      | Reached skill level 7 in Earth Magic
  7018 | D:6      | Noticed a hippogriff
  7028 | D:6      | Killed a hippogriff
  7149 | D:6      | Reached skill level 5 in Spellcasting
  7221 | D:6      | Found a staircase to the Ecumenical Temple.
  7229 | Temple   | Entered the Ecumenical Temple
  7378 | Temple   | Became a worshipper of Kikubaaqudgha
  7549 | D:6      | Noticed Grinder
  7555 | D:6      | Killed Grinder
  7555 | D:6      | Reached XP level 9. HP: 59/59 MP: 15/16
  8051 | D:6      | Found a runed translucent door.
  8052 | D:6      | Noticed Crazy Yiuf
  8466 | D:7      | Noticed Menkaure
  8469 | D:7      | Killed Menkaure
  8510 | D:7      | Reached * piety under Kikubaaqudgha
  8510 | D:7      | Identified Kikubaaqudgha's Guide on Darkness (Kikubaaqudgha
                  | gifted it to you on level 7 of the Dungeon)
  8510 | D:7      | Received a gift from Kikubaaqudgha
  8517 | D:7      | Learned a level 1 spell: Animate Skeleton
  9272 | D:7      | Found a glowing golden altar of the Shining One.
  9683 | D:8      | Reached skill level 5 in Conjurations
  9758 | D:8      | Reached skill level 8 in Earth Magic
  9941 | D:8      | Found Luaxerchu's Assorted Antiques.
 10280 | D:8      | Gained mutation: When seriously injured, your bleeding
                  | wounds create thick armour. (AC +9) [demonic ancestry]
 10280 | D:8      | Reached XP level 10. HP: 55/65 MP: 4/19
 10494 | D:8      | Learned a level 1 spell: Pain
 10605 | D:8      | Reached ** piety under Kikubaaqudgha
 11191 | D:9      | Found a radiant altar of Vehumet.
 11211 | D:9      | Reached skill level 1 in Necromancy
 11418 | D:9      | Noticed Erica
 11428 | D:9      | Killed Erica
 11428 | D:9      | Reached skill level 5 in Polearms
 11674 | D:10     | Entered Level 10 of the Dungeon
 11683 | D:10     | Reached skill level 5 in Dodging
 12018 | D:9      | Found a roughly hewn altar of Beogh.
 12199 | D:9      | Reached *** piety under Kikubaaqudgha
 12199 | D:9      | Identified Kikubaaqudgha's Incunabulum of Unholy Magic
                  | (Kikubaaqudgha gifted it to you on level 9 of the Dungeon)
 12199 | D:9      | Received a gift from Kikubaaqudgha
 12963 | D:10     | Noticed a two-headed ogre
 12969 | D:10     | Killed a two-headed ogre
 13126 | D:10     | Noticed a catoblepas
 13134 | D:10     | Killed a catoblepas
 13134 | D:10     | Gained mutation: You are completely covered in sharp
                  | spines. [demonic ancestry]
 13134 | D:10     | Reached XP level 11. HP: 70/70 MP: 22/22
 13183 | D:10     | Reached skill level 9 in Earth Magic
 13418 | D:10     | Killed an unseen horror
 13689 | D:10     | Found a staircase to the Lair.
 13703 | Lair:1   | Entered Level 1 of the Lair of Beasts
 14084 | Lair:1   | Noticed Harold
 14103 | Lair:1   | Killed Harold
 14254 | Lair:1   | You fall into a shaft and drop 1 floor!
 14407 | Lair:1   | Noticed Urug
 14438 | Lair:1   | Killed Urug
 15094 | Lair:2   | Found a staircase to the Shoals.
 15334 | Shoals:1 | Entered Level 1 of the Shoals
 15334 | Shoals:1 | Noticed a harpy
 15334 | Shoals:1 | Noticed a harpy
 15334 | Shoals:1 | Noticed a harpy
 15335 | Shoals:1 | Noticed a harpy
 15336 | Shoals:1 | Noticed a harpy
 15341 | Lair:2   | Killed a harpy
 15342 | Lair:2   | Killed a harpy
 16042 | Lair:2   | Killed a harpy
 16044 | Lair:2   | Killed a harpy
 16328 | Lair:2   | Learned a level 3 spell: Vampiric Draining
 16500 | Lair:2   | Noticed Gastronok
 16519 | Lair:2   | Slain by Gastronok

Illustrated notes

Levels and vault maps discovered:
D:1:      heliophobic_arrival_enchanted_forest, layout_loops_cross,
          minmay_tripent
D:2:      layout_loops_ring, overflow_temple_1_default, kennysheep_pointless_box
D:3:      layout_basic, amethyst_overflow_temple_binary, minivault_14
D:4:      layout_basic, serial_shops, nicolae_shop_stone, first_ration
D:5:      layout_cave_pools, serial_rivers, chequers_serial_rivers_micro_c,
          chequers_serial_rivers_marsh, chequers_serial_rivers_large_b,
          chequers_serial_rivers_micro_e, uniq_prince_ribbit1, uniq_ijyb,
          uniq_eustachio
D:6:      layout_basic, minmay_temple_entry_sparse_star,
          uniq_crazy_yiuf_cottage, uniq_grinder
D:7:      layout_basic, nicolae_tso_swordbearing_angel, uniq_menkaure
D:8:      layout_cave_pools, serial_shops, nicolae_shop_crystal,
          hangedman_little_slice_of_home
D:9:      layout_roguey, vehumet_crystals, special_room [special_room_orc],
          uniq_erica
D:10:     layout_irregular_city, grunt_lair_entry_orc_guard_hut
Temple:   minmay_crystal_spiral_temple
Lair:1:   layout_big_grid, uniq_harold, uniq_urug
Lair:2:   beast_lair_carwin_large_3, layout_long_grid, minmay_shoals_entry_hut,
          uniq_gastronok, uniq_fannar
Shoals:1: layout_shoals, yaktaur_hedge, uniq_roxanne

Skill      XL: |  1  2  3  4  5  6  7  8  9 10 11 |
---------------+----------------------------------+-----
Earth Magic    | 3 4 5 6 7 8 9 |  9.4
Short Blades   | 1 2 |  2.7
Spellcasting   | 3 4 5 6 7 8 |  8.9
Dodging        | 2 4 5 6 |  6.9
Polearms       | 2 3 4 5 6 |  6.9
Throwing       | 1 |  1.2
Conjurations   | 1 2 3 5 6 7 |  7.3
Fighting       | 1 |  1.2
Necromancy     | 2 3 |  3.4
Stealth        | |  1.7
Transmutations | |  0.8

Action                   |  1- 3 |  4- 6 |  7- 9 | 10-12 || total
-------------------------+-------+-------+-------+-------++-------
Melee: Short sword       |    29 |    50 |       |       ||    79
       Trident           |       |    25 |    61 |    73 ||   159
Throw: Dart              |       |    20 |     7 |     2 ||    29
 Cast: Sandblast         |    49 |    21 |     1 |       ||    71
       Stone Arrow       |     1 |    14 |   169 |   164 ||   348
       Animate Skeleton  |       |       |     1 |    26 ||    27
       Pain              |       |       |       |     7 ||     7
       Vampiric Draining |       |       |       |     1 ||     1
Evoke: Wand              |       |     1 |       |       ||     1
  Use: Scroll            |       |     4 |     5 |     3 ||    12
       Potion            |       |     1 |       |     7 ||     8
 Stab: Sleeping          |       |     1 |       |       ||     1
  Eat: Ration            |     1 |     2 |     3 |     2 ||     8
       Chunk             |       |     3 |    16 |    12 ||    31
Armor: Robe              |     9 |     9 |    24 |    40 ||    82
Dodge: Dodged            |    47 |    72 |    54 |   125 ||   298
Block: Other             |       |       |     5 |    51 ||    56
       Reflection        |       |       |       |     8 ||     8
